 Dungeon Crawl Stone Soup version 0.20-a0-809-gaf7f668 (webtiles) character file.

193 JNO the Digger (level 5, -1/48 HPs)
             Began as a Gargoyle Earth Elementalist on Mar 3, 2017.
             Killed by nerve-wracking pain
             ... invoked by Grinder
              (5 damage)
             ... on level 4 of the Dungeon.
             The game lasted 00:14:13 (2783 turns).

JNO the Digger (Gargoyle Earth Elementalist)        Turns: 2783, Time: 00:14:14

Health: -1/48      AC:  7    Str: 17    XL:     5   Next: 72%
Magic:  5/9        EV: 12    Int: 16    God:
Gold:   149        SH:  0    Dex: 10    Spells: 0/10 levels left

rFire    . . .     SeeInvis .   i - +1 dagger (venom)
rCold    . . .     Gourm    .   c - +0 robe
rNeg     + . .     Faith    .   (no shield)
rPois    ∞         Spirit   .   (no helmet)
rElec    +         Reflect  .   h - +0 cloak
rCorr    .         Harm     .   (no gloves)
MR       .....                  (no boots)
Stlth    ..........             (no amulet)
Regen    0.2/turn               (no ring)
MPRegen  0.2/turn               (no ring)

@: berserking (expiring), very quick
A: negative energy resistance 1, electricity resistance, unbreathing,
petrification resistance, rot immunity, AC +4
a: no special abilities


You were on level 4 of the Dungeon.
You were not hungry.

You visited 1 branch of the dungeon, and saw 4 of its levels.

You collected 149 gold pieces.

Inventory:

Hand Weapons
 i - a +1 dagger of venom (weapon)
Missiles
 b - 86 stones (quivered)
Armour
 c - a +0 robe (worn)
 h - a +0 cloak (worn)
Wands
 z - a wand of disintegration (13/24)
Scrolls
 f - 2 scrolls of immolation {unknown}
 j - 2 scrolls of amnesia {unknown}
 m - 2 scrolls of remove curse {unknown}
 n - 4 scrolls of identify {unknown}
 q - a scroll of fear {unknown}
 r - a scroll of noise {unknown}
 s - a scroll of enchant armour {unknown}
 x - a scroll of blinking {unknown}
 y - a scroll of teleportation {unknown}
 A - a scroll of fog {unknown}
Potions
 a - a potion of curing {unknown}
 l - a potion of heal wounds {unknown}
 o - a potion of berserk rage
 p - a potion of mutation {unknown}
 t - a potion of experience {unknown}
 v - a potion of resistance {unknown}
 w - a potion of magic {unknown}
 B - a potion of might {unknown}
Books
 e - a book of Geomancy

   Spells                             Type                      Level
   a - Sandblast                      Earth                        1
   b - Passwall                       Transmutation/Earth          2
   c - Stone Arrow                    Conjuration/Earth            3
   d - Petrify                        Transmutation/Earth          4
   e - Lee's Rapid Deconstruction     Earth                        5
Comestibles
 d - 5 bread rations
 g - 2 fruits
 u - a meat ration


   Skills:
 + Level 3.1 Fighting
 - Level 1.5 Dodging
 - Level 2.1 Stealth
 + Level 3.3 Spellcasting
 - Level 0.7 Transmutations
 + Level 5.3 Earth Magic


You couldn't memorise any spells.
You knew the following spells:

 Your Spells              Type           Power        Failure   Level  Hunger
a - Sandblast             Erth           ###...       1%          1    None
b - Passwall              Tmut/Erth      ##........   10%         2    ##.....
c - Stone Arrow           Conj/Erth      ##....       21%         3    ###....
d - Petrify               Tmut/Erth      ##......     63%         4    ####...


Dungeon Overview and Level Annotations

Branches:
Dungeon (4/15)
 Temple: D:4-7

Altars:
Okawaru
Uskayaw

Annotations:
D:4 Grinder


Innate Abilities, Weirdness & Mutations

You are resistant to torment.
Your stone body is resilient. (AC +4)
You are immune to poison.
You resist negative energy. (rN+)
You are resistant to electric shocks. (rElec)
You can survive without breathing.
You are immune to petrification.
You are immune to rotting.


Message History

You writhe in agony.
* * * LOW HITPOINT WARNING * * *
It was a potion of berserk rage.
A red film seems to cover your vision as you go berserk!
You feel yourself moving faster!
You feel mighty! Grinder barely misses you.
You hit Grinder.
Grinder is almost dead.
You closely miss Grinder.
Grinder is almost dead.
Grinder gestures at you. You resist with significant effort.
You closely miss Grinder.
Grinder is almost dead.
Grinder blinks!
You are too injured to fight recklessly!
You are too injured to fight recklessly!
You feel a strong urge to attack something.
Grinder gestures at you. Pain shoots through your body!
You die...

########### #.........# ###
#.#######.#############....
#.# #.#................ #.#
#.#>............... #.# ###
#.#.#######.###... #.# #<#
#.#.# #.# #.# #.#
#.#.#######.# #.# #.#
#.#.##5.@§..# #.# #.#
#.#.##....### #.# #.#
#.#.##....# #.#
#.#.#.#.####+## #.#
#.#.#.#.# #.#.#.#.#.#.####
#.#.#.#.#.#....#+##
#.#.#.#.#.#........
#.#.#.#....##.#....


You could see Grinder.

Vanquished Creatures
  2 hounds (D:4)
  A bullfrog skeleton (D:4)
  4 adders
  An ooze (D:1)
  2 worms (D:3)
  2 dart slugs
  A leopard gecko (D:3)
  An orc (D:3)
  5 giant cockroaches
  8 goblins
  3 hobgoblins (D:1)
  2 quokkas (D:1)
  A ball python (D:1)
  8 bats
  3 frilled lizards
  7 kobolds
  7 rats
58 creatures vanquished.

Notes
Turn   | Place    | Note
-------+----------+-------------------------------------------
     0 | D:1      | JNO the Gargoyle Earth Elementalist began the quest for the Orb.
     0 | D:1      | Reached XP level 1. HP: 10/10 MP: 3/3
   343 | D:1      | Reached XP level 2. HP: 16/16 MP: 0/5
   351 | D:1      | Learned a level 2 spell: Passwall
   392 | D:1      | Reached skill level 4 in Earth Magic
   639 | D:1      | Reached skill level 1 in Fighting
   751 | D:1      | Reached XP level 3. HP: 20/20 MP: 3/6
   868 | D:1      | Learned a level 3 spell: Stone Arrow
  1476 | D:2      | Found an iron altar of Okawaru.
  1547 | D:2      | Reached XP level 4. HP: 25/26 MP: 3/8
  1772 | D:2      | Found a hide-covered altar of Uskayaw.
  2594 | D:4      | Reached skill level 5 in Earth Magic
  2594 | D:4      | Reached XP level 5. HP: 31/31 MP: 5/9
  2600 | D:4      | Learned a level 4 spell: Petrify
  2770 | D:4      | Noticed Grinder
  2783 | D:4      | Killed from afar by Grinder

Vault maps used:
D:1:      onia_arrival_larder
D:2:      okawaru_trees_1, lemuel_round_altar, first_bread, lemuel_flame_loot_1
D:4:      lemuel_doored_altar, minmay_temple_entry_glass, uniq_grinder

Skill      XL: |  1  2  3  4  5 |
---------------+----------------+-----
Earth Magic    | 4 5 |  5.3
Fighting       | 1 2 3 |  3.1
Spellcasting   | 3 |  3.3
Dodging        | |  1.5
Stealth        | |  2.1
Transmutations | |  0.7

Action                   |  1- 3 |  4- 6 || total
-------------------------+-------+-------++-------
Melee: Unarmed           |     7 |       ||     7
       Dagger            |    31 |    33 ||    64
 Cast: Sandblast         |    34 |    25 ||    59
  Use: Potion            |       |     1 ||     1
 Stab: Sleeping          |     4 |     3 ||     7
  Eat: Chunk             |     2 |     4 ||     6
Armor: Robe              |    25 |    11 ||    36
Dodge: Dodged            |    41 |    22 ||    63
